Map: Ley Lines

Players

ShoWTimE

  • Race: Protoss Protoss
  • Spawn Location: 7:00

VITmaru (Maru) - Winner!

  • Race: Terran Terran
  • Spawn Location: 1:00

Event: DreamHack Dallas 2025

VOD

Have the link to the VOD?

Description

Time

  • Played on: May 24, 2025, 1:14 p.m.
  • Length: 9:00

All games in this series

Show
View Real Time Build Order
Export as new Build Order

ShoWTimE Protoss 

Build Orders: 1 Gate Expand, Phoenix Opening, Colossus Rush 

Get SALT Encoding   

  12  0:00  Probe  
  13  0:12  Probe  
  14  0:16  Pylon  
  14  0:23  Probe  
  15  0:31  Probe  
  16  0:35  Gateway  
  16  0:39  Probe  
  16  0:45  Assimilator  
  17  0:50  Probe  
  18  1:03  Probe  
  19  1:15  Probe  
  20  1:21  Nexus  
  20  1:31  Cybernetics Core  
  20  1:33  Probe  
  20  1:38  Assimilator  
  21  1:45  Probe  
  22  1:49  Pylon  
  22  1:55  Stalker  
  22  1:57  Probe  
  23  2:07  Warp Gate  
  25  2:10  Probe  
  26  2:22  Probe  
  27  2:24  Sentry, Phoenix  
  29  2:30  Probe  
  29  2:34  Probe  
  31  2:38  Probe  
  31  2:40  Shield Battery  
  31  2:42  Twilight Council  
  32  2:46  Probe  
  32  2:47  Probe  
  32  2:48  Stalker  
  36  2:58  Probe  
  37  3:00  Charge, Probe  
  37  3:03  Phoenix  
  38  3:05  Gateway  
  38  3:09  Gateway  
  38  3:11  Probe  
  39  3:13  Probe  
  40  3:23  Probe  
  40  3:25  Probe  
  42  3:27  Pylon  
  42  3:36  Probe  
  42  3:39  Robotics Facility  
  42  3:41  Probe, Assimilator  
  44  3:48  Probe  
  44  3:53  Probe  
  44  3:55  Assimilator, Pylon  
  46  3:56  Stalker  
  46  3:59  Stalker  
  46  4:00  Probe  
  51  4:04  Stalker  
  51  4:06  Probe  
  54  4:11  Phoenix  
  54  4:13  Probe  
  55  4:18  Probe  
  55  4:20  Pylon, Forge  
  56  4:26  Probe  
  56  4:30  Probe  
  55  4:38  Probe  
  55  4:39  Observer  
  55  4:42  Robotics Bay  
  55  4:45  Zealot  
  59  4:47  Zealot  
  59  4:52  Zealot  
  63  4:54  Probe  
  63  4:58  Observer  
  63  4:59  Protoss Ground Weapons Level 1  
  65  5:02  Pylon  
  65  5:14  Pylon  
  65  5:16  Probe  
  65  5:18  Zealot x2  
  69  5:23  Pylon  
  69  5:31  Colossus  
  69  5:34  Pylon  
  61  5:40  Zealot x2  
  61  5:57  Probe  
  61  5:58  Probe  
  61  6:01  Extended Thermal Lance  
  61  6:02  Sentry x2  
  67  6:07  Nexus  
  67  6:08  Pylon  
  67  6:11  Sentry  
  67  6:12  Colossus  
  67  6:13  Probe x2  
  71  6:19  Observer  
  78  6:25  Probe  
  78  6:26  Probe  
  79  6:33  Shield Battery, Pylon  
  79  6:40  Stalker x2  
  79  6:45  Probe, Pylon  
  79  6:46  Probe  
  85  6:53  Colossus  
  83  6:57  Probe  
  83  6:58  Probe  
  83  7:06  Zealot x2  
  93  7:09  Probe  
  93  7:10  Probe  
  95  7:18  Zealot  
  95  7:19  Probe  
  95  7:21  Probe  
  98  7:30  Gateway, Pylon  
  98  7:32  Gateway  
  98  7:34  Gateway  
  98  7:38  Stalker  
  98  7:39  Probe x2  
  102  7:44  Stalker  
  102  7:47  Stalker  
  106  7:56  Colossus  
  102  8:03  Zealot  
  94  8:13  Zealot x2  
  94  8:14  Gateway  
  94  8:19  Gateway  
  97  8:24  Zealot  
  97  8:26  Pylon  
  95  8:27  Zealot x2  
  99  8:39  Nexus  
  93  8:43  Zealot x3  
  93  8:44  Zealot  
  93  8:47  Pylon  
  100  8:48  Pylon  
Show
View Real Time Build Order
Export as new Build Order

VITmaru Terran - Winner!

Build Orders: Cyclone Opening 

Get SALT Encoding   

  12  0:00  SCV  
  13  0:12  SCV  
  14  0:17  Supply Depot  
  14  0:24  SCV  
  15  0:38  SCV  
  15  0:39  Barracks  
  16  0:43  Refinery  
  16  0:51  SCV  
  16  0:52  Refinery  
  17  1:03  SCV  
  18  1:15  SCV  
  19  1:27  Reaper, Orbital Command  
  20  1:40  Factory  
  20  1:49  Supply Depot  
  20  1:52  SCV  
  21  1:59  Barracks Tech Lab  
  21  2:04  SCV  
  22  2:16  SCV  
  22  2:20  Command Center  
  23  2:29  SCV  
  24  2:31  Cyclone  
  24  2:37  Starport  
  27  2:41  SCV  
  28  2:46  Supply Depot  
  28  2:48  Barracks Reactor  
  28  2:53  SCV  
  29  3:03  Widow Mine  
  31  3:07  SCV  
  32  3:13  Medivac  
  32  3:18  Refinery  
  35  3:20  SCV  
  35  3:25  Widow Mine  
  35  3:26  Marine x2  
  39  3:32  Orbital Command  
  39  3:34  SCV  
  39  3:43  Marine, Starport Tech Lab  
  39  3:44  Marine  
  39  3:47  Siege Tank  
  44  3:50  SCV  
  44  3:55  Supply Depot  
  45  3:58  SCV  
  47  4:02  Banshee, SCV  
  47  4:07  Marine x2  
  52  4:12  SCV  
  52  4:15  SCV  
  54  4:17  Supply Depot  
  54  4:21  Siege Tank  
  54  4:24  SCV  
  58  4:25  Marine  
  58  4:30  SCV  
  60  4:36  SCV  
  59  4:39  Barracks  
  59  4:40  Supply Depot  
  59  4:43  SCV  
  59  4:44  Marine  
  61  4:45  Banshee  
  61  4:49  SCV  
  65  4:54  Siege Tank  
  65  4:55  SCV  
  65  4:58  Marine  
  70  5:01  SCV  
  70  5:02  Engineering Bay  
  71  5:07  SCV  
  71  5:10  Barracks  
  71  5:14  SCV  
  73  5:19  SCV  
  74  5:25  Supply Depot  
  74  5:26  Marine x2, SCV  
  76  5:31  Siege Tank  
  76  5:33  SCV  
  73  5:38  Barracks Tech Lab, SCV  
  73  5:39  Raven  
  75  5:45  Terran Infantry Weapons Level 1, SCV  
  76  5:50  SCV  
  76  5:57  Marine, Barracks Tech Lab, Stimpack, SCV  
  75  6:00  Refinery  
  75  6:02  SCV  
  78  6:05  Siege Tank, Marine  
  78  6:09  SCV  
  83  6:12  Supply Depot  
  83  6:19  Starport Reactor, Combat Shield  
  83  6:20  Marine x2  
  83  6:21  Marine  
  83  6:24  Supply Depot  
  86  6:26  Supply Depot  
  86  6:34  Marine  
  86  6:38  Barracks  
  86  6:39  Siege Tank  
  90  6:41  Barracks  
  90  6:46  Marauder x2  
  94  6:49  Marine  
  94  6:52  Supply Depot  
  60  7:01  Viking x2  
  92  7:06  Marine  
  92  7:07  Marine  
  92  7:08  Marauder x2  
  102  7:13  Supply Depot  
  102  7:15  Siege Tank  
  105  7:27  Marine x2, Marauder  
  105  7:28  Marine  
  110  7:33  Marauder x2  
  114  7:38  Concussive Shells  
  114  7:39  Viking  
  114  7:42  Viking  
  118  7:45  Marine x2  
  120  7:56  Marine x2, Marauder x2  
  120  8:03  Marine x2  
  116  8:13  Marine, Medivac x2  
  116  8:14  Marauder  
  116  8:17  Marine x2  
  125  8:20  Marine  
  120  8:30  Marine  
  120  8:31  Marine  
  122  8:35  Marine, Marauder  
  122  8:36  Marauder  
  122  8:39  Marine  
  128  8:42  SCV x2  
Tags
 
Add a new tag
Caveats
  • Supply blocks, unpowered buildings, or Contaminate may cause inaccurate times.
  • Supply counts are checked every 10 seconds.